NWL (28 & UNDER)
SAN DIEGO SMASHERS @ MENLO MANIACS
04/08/2029
 
TOP OF THE 1ST
San Diego Smashers batting - Pitching for Menlo Maniacs : RHP Daniel Betteridge
Pitching: RHP Daniel Betteridge
Batting: RHB Manny Torrez 0-0: Called Strike
0-1: Swinging Strike
0-2: Foul Ball, location: 2F
0-2: Ball
1-2: SINGLE (Line Drive, 56D)
Batting: RHB Gerald Davis 0-0: Called Strike
0-1: Ball
1-1: Grounds into double play, 4-6-3 (Groundball, 4)
Batting: RHB Luis Ríos 0-0: Ball
1-0: Ball
2-0: Ball
3-0: Called Strike
3-1: Base on Balls
Batting: LHB John White 0-0: Foul Ball, location: 2F
0-1: Swinging Strike
0-2: DOUBLE (Flyball, 78XD)
Luis Ríos to third
Batting: RHB Mario Rosales 0-0: Foul Ball, location: 2F
0-1: Ball
1-1: Ground out 4-3 (Groundball, 4)
Top of the 1st over - 0 runs, 2 hits, 0 errors, 2 left on base; San Diego 0 - Menlo 0
BOTTOM OF THE 1ST
Menlo Maniacs batting - Pitching for San Diego Smashers : RHP Alberto Reyes
Pitching: RHP Alberto Reyes
Batting: SHB Ryan Holcomb 0-0: Ball
1-0: Foul Ball, location: 2F
1-1: Fly out, F6 (Line Drive, 6)
Batting: LHB Dave Lee 0-0: Called Strike
0-1: Foul Ball, location: 2F
0-2: Foul Ball, location: 2F
0-2: Ground out U3 (Groundball, 3)
Batting: RHB Joe Noble 0-0: Swinging Strike
0-1: Ball
1-1: Ball
2-1: SINGLE (Groundball, 56D)
Batting: LHB César Rodríguez 0-0: Ball
1-0: Ball
2-0: Fielders Choice at 2nd, 6-4 (Groundball, 6)
Bottom of the 1st over - 0 runs, 1 hit, 0 errors, 1 left on base; San Diego 0 - Menlo 0
TOP OF THE 2ND
San Diego Smashers batting - Pitching for Menlo Maniacs : RHP Daniel Betteridge
Batting: LHB Richard Brooks 0-0: Ball
1-0: Foul Ball, location: 2F
1-1: Foul Ball, location: 2F
1-2: Fly out, F7 (Flyball, 7)
Batting: RHB Ray Rogers 0-0: Ball
1-0: Foul Ball, location: 2F
1-1: Fly out, F8 (Flyball, 8LM)
Batting: SHB Michael Aisher 0-0: Foul Ball, location: 2F
0-1: Ball
1-1: SINGLE (Line Drive, 6MD)
Batting: RHB Juan Morales 0-0: Ball
1-0: Ball
2-0: Ball
3-0: Called Strike
3-1: Ground out 4-3 (Groundball, 34)
Top of the 2nd over - 0 runs, 1 hit, 0 errors, 1 left on base; San Diego 0 - Menlo 0
BOTTOM OF THE 2ND
Menlo Maniacs batting - Pitching for San Diego Smashers : RHP Alberto Reyes
Batting: RHB Eleuterio Supardo 0-0: Ball
1-0: Foul Ball, location: 2F
1-1: Ball
2-1: Ground out 4-3 (Groundball, 4)
Batting: LHB Bernardo Rodríguez 0-0: Called Strike
0-1: Ground out 6-3 (Groundball, 6S)
Batting: LHB Ken Smith 0-0: DOUBLE (Line Drive, 7D)
Batting: RHB Juan Reyes 0-0: Ball
1-0: Called Strike
1-1: Called Strike
1-2: Ball
2-2: Ball
3-2: Base on Balls
Batting: RHB Byron Bracy 0-0: Ball
1-0: Foul Ball, location: 2F
1-1: Foul Ball, location: 2F
1-2: Ball
2-2: Strikes out looking
Bottom of the 2nd over - 0 runs, 1 hit, 0 errors, 2 left on base; San Diego 0 - Menlo 0
TOP OF THE 3RD
San Diego Smashers batting - Pitching for Menlo Maniacs : RHP Daniel Betteridge
Batting: RHB Manny Torrez 0-0: Ball
1-0: Called Strike
1-1: Ball
2-1: DOUBLE (Line Drive, 8LD)
Batting: RHB Gerald Davis 0-0: Called Strike
0-1: Called Strike
Manny Torrez steals 3rd base
0-2: Ball
1-2: Foul Ball, location: 2F
1-2: Fly out, F8 (Flyball, 8LS)
Runner from 3rd tags up, SCORES, no throw
Batting: RHB Luis Ríos 0-0: Foul Ball, location: 2F
0-1: Called Strike
0-2: Ball
1-2: Ground out U3 (Groundball, 3L)
Batting: LHB John White 0-0: SINGLE (Groundball, 4D)
Batting: RHB Mario Rosales 0-0: Foul Ball, location: 2F
0-1: Foul Ball, location: 2F
0-2: Ball
1-2: Fly out, F8 (Flyball, 8RM)
Top of the 3rd over - 1 run, 2 hits, 0 errors, 1 left on base; San Diego 1 - Menlo 0
BOTTOM OF THE 3RD
Menlo Maniacs batting - Pitching for San Diego Smashers : RHP Alberto Reyes
Batting: SHB Ryan Holcomb 0-0: Ball
1-0: Ball
2-0: Bunt missed!
2-1: Fly out, F8 (Line Drive, 8RD)
Batting: LHB Dave Lee 0-0: Called Strike
0-1: Ball
1-1: Ball
2-1: Ball
3-1: TRIPLE (Flyball, 8RXD)
Batting: RHB Joe Noble 0-0: Ball
1-0: Called Strike
1-1: Foul Ball, location: 2F
1-2: Ball
2-2: Strikes out swinging
Batting: LHB César Rodríguez 0-0: Swinging Strike
0-1: Ball
1-1: Ball
2-1: Foul Ball, location: 2F
2-2: Foul Ball, location: 2F
2-2: Fly out, F7 (Line Drive, 7)
Bottom of the 3rd over - 0 runs, 1 hit, 0 errors, 1 left on base; San Diego 1 - Menlo 0
TOP OF THE 4TH
San Diego Smashers batting - Pitching for Menlo Maniacs : RHP Daniel Betteridge
Batting: LHB Richard Brooks 0-0: Ball
1-0: Ground out 1-3 (Groundball, 15)
Batting: RHB Ray Rogers 0-0: Called Strike
0-1: SOLO HOME RUN (Flyball, 7D), Distance : 379 ft
Batting: SHB Michael Aisher 0-0: Hit by Pitch
Batting: RHB Juan Morales 0-0: Called Strike
0-1: Foul Ball, location: 2F
0-2: Foul Ball, location: 2F
0-2: Ball
Michael Aisher steals 2nd base
1-2: Ball
2-2: Ball
3-2: Foul Ball, location: 2F
3-2: TRIPLE (Line Drive, 78XD)
Michael Aisher scores
Batting: RHB Manny Torrez 0-0: Ball
1-0: Ball
Wild Pitch!
Juan Morales scores
2-0: Called Strike
2-1: Swinging Strike
2-2: Hit by Pitch
Batting: RHB Gerald Davis 0-0: Ball
Manny Torrez steals 2nd base
1-0: Swinging Strike
1-1: SINGLE (Groundball, 4MD)
Manny Torrez to third
Batting: RHB Luis Ríos 0-0: Foul Ball, location: 2F
0-1: Grounds into double play, 4-6-3 (Groundball, 4)
Top of the 4th over - 3 runs, 3 hits, 0 errors, 1 left on base; San Diego 4 - Menlo 0
BOTTOM OF THE 4TH
Menlo Maniacs batting - Pitching for San Diego Smashers : RHP Alberto Reyes
Batting: RHB Eleuterio Supardo 0-0: Called Strike
0-1: Ball
1-1: Swinging Strike
1-2: Ball
2-2: Ball
3-2: Base on Balls
Batting: LHB Bernardo Rodríguez 0-0: Ball
1-0: Ball
2-0: Ball
3-0: Fielders Choice at 2nd, 6-4 (Groundball, 6)
Batting: LHB Ken Smith 0-0: Ball
1-0: Ball
Bernardo Rodríguez steals 2nd base
2-0: Swinging Strike
2-1: Ball
3-1: DOUBLE (Line Drive, 9LS)
Bernardo Rodríguez scores
Batting: RHB Juan Reyes 0-0: Foul Ball, location: 2F
0-1: Ball
1-1: Swinging Strike
1-2: Strikes out looking
Batting: RHB Byron Bracy 0-0: Ball
1-0: Foul Ball, location: 2F
1-1: Ground out 6-3 (Groundball, 6)
Bottom of the 4th over - 1 run, 1 hit, 0 errors, 1 left on base; San Diego 4 - Menlo 1
TOP OF THE 5TH
San Diego Smashers batting - Pitching for Menlo Maniacs : RHP Daniel Betteridge
Batting: LHB John White 0-0: Ball
1-0: Called Strike
1-1: Foul Ball, location: 2F
1-2: Ball
2-2: Foul Ball, location: 2F
2-2: Foul Ball, location: 2F
2-2: Strikes out swinging
Batting: RHB Mario Rosales 0-0: Ground out 5-3 (Groundball, 56)
Batting: LHB Richard Brooks 0-0: Ball
1-0: Called Strike
1-1: Foul Ball, location: 2F
1-2: Foul Ball, location: 2F
1-2: SOLO HOME RUN (Flyball, 9D), Distance : 374 ft
Batting: RHB Ray Rogers 0-0: Ball
1-0: Ball
2-0: Ball
3-0: Foul Ball, location: 2F
3-1: Called Strike
3-2: Base on Balls
Batting: SHB Michael Aisher 0-0: Ground out 1-3 (Groundball, P)
Top of the 5th over - 1 run, 1 hit, 0 errors, 1 left on base; San Diego 5 - Menlo 1
BOTTOM OF THE 5TH
Menlo Maniacs batting - Pitching for San Diego Smashers : RHP Alberto Reyes
Batting: SHB Ryan Holcomb 0-0: Called Strike
0-1: Ball
1-1: Foul Ball, location: 2F
1-2: Ball
2-2: Ground out U3 (Groundball, 3)
Batting: LHB Dave Lee 0-0: Ball
1-0: Ball
2-0: Ball
3-0: Called Strike
3-1: Base on Balls
Batting: RHB Joe Noble 0-0: Called Strike
0-1: Ball
1-1: Ball
2-1: Ball
3-1: 2-RUN HOME RUN (Flyball, 78XD), Distance : 395 ft
Batting: LHB César Rodríguez 0-0: Fly out, F9 (Flyball, 89M)
Batting: RHB Eleuterio Supardo 0-0: Ball
1-0: Ground out U3 (Groundball, 34)
Bottom of the 5th over - 2 runs, 1 hit, 0 errors, 0 left on base; San Diego 5 - Menlo 3
TOP OF THE 6TH
San Diego Smashers batting - Pitching for Menlo Maniacs : RHP Daniel Betteridge
Batting: RHB Juan Morales 0-0: Ball
1-0: Ball
2-0: Foul Ball, location: 2F
2-1: Ball
3-1: Fly out, F8 (Flyball, 78D)
Batting: RHB Manny Torrez 0-0: Called Strike
0-1: Ball
1-1: Ground out 4-3 (Groundball, 4MS)
Batting: RHB Gerald Davis 0-0: Ball
1-0: Foul Ball, location: 2F
1-1: Ball
2-1: Foul Ball, location: 2F
2-2: Ball
3-2: Fly out, F8 (Flyball, 89D)
Top of the 6th over - 0 runs, 0 hits, 0 errors, 0 left on base; San Diego 5 - Menlo 3
BOTTOM OF THE 6TH
Menlo Maniacs batting - Pitching for San Diego Smashers : RHP Alberto Reyes
Pitching: LHP Alejandro Flores
Batting: LHB Bernardo Rodríguez 0-0: Called Strike
0-1: Ground out 5-3 (Groundball, 5)
Batting: LHB Ken Smith 0-0: Called Strike
0-1: Ground out 5-3 (Groundball, 56)
Batting: RHB Juan Reyes 0-0: Ball
1-0: Ball
2-0: Called Strike
2-1: Fly out, F3 (Popup, 34S)
Bottom of the 6th over - 0 runs, 0 hits, 0 errors, 0 left on base; San Diego 5 - Menlo 3
TOP OF THE 7TH
San Diego Smashers batting - Pitching for Menlo Maniacs : RHP Daniel Betteridge
Pitching: RHP Jesús Martínez
Batting: RHB Luis Ríos 0-0: Ball
1-0: DOUBLE (Line Drive, 9LD)
Batting: LHB John White 0-0: Swinging Strike
0-1: Fly out, F3 (Line Drive, 3)
Batting: RHB Mario Rosales 0-0: Foul Ball, location: 2F
0-1: Swinging Strike
0-2: Ball
1-2: Ground out U3 (Groundball, 34)
Luis Ríos to third
Batting: LHB Richard Brooks 0-0: Ball
1-0: Foul Ball, location: 2F
1-1: Foul Ball, location: 2F
1-2: Ball
2-2: Ball
3-2: Foul Ball, location: 2F
3-2: Fly out, F3 (Flyball, 3D)
Top of the 7th over - 0 runs, 1 hit, 0 errors, 1 left on base; San Diego 5 - Menlo 3
BOTTOM OF THE 7TH
Menlo Maniacs batting - Pitching for San Diego Smashers : LHP Alejandro Flores
Batting: RHB Byron Bracy 0-0: Called Strike
0-1: Swinging Strike
0-2: Ball
1-2: Strikes out looking
Batting: SHB Ryan Holcomb 0-0: Ball
1-0: Ball
2-0: Called Strike
2-1: Foul Ball, location: 2F
2-2: Ball
3-2: SOLO HOME RUN (Flyball, 89XD), Distance : 406 ft
Batting: LHB Dave Lee 0-0: Ball
1-0: Ball
2-0: Foul Ball, location: 2F
2-1: Swinging Strike
2-2: Strikes out swinging
Batting: RHB Joe Noble 0-0: Ball
1-0: Ball
2-0: Foul Ball, location: 2F
2-1: Ball
3-1: Base on Balls
Pinch Hitting: RHB Luis Ramírez 0-0: Ball
1-0: Foul Ball, location: 2F
1-1: Ball
2-1: Foul Ball, location: 2F
2-2: Fly out, F7 (Flyball, 7LD)
Bottom of the 7th over - 1 run, 1 hit, 0 errors, 1 left on base; San Diego 5 - Menlo 4
TOP OF THE 8TH
San Diego Smashers batting - Pitching for Menlo Maniacs : RHP Jesús Martínez
Now in LF: Alonso Carbajal
Batting: RHB Ray Rogers 0-0: Ball
1-0: SINGLE (Groundball, 6MD)
Pinch Runner at 1st Dale Miller:
Batting: SHB Michael Aisher 0-0: Ball
1-0: Ball
2-0: Swinging Strike
2-1: Grounds into double play, 5-4-3 (Groundball, 56)
Batting: RHB Juan Morales 0-0: Called Strike
0-1: Foul Ball, location: 2F
0-2: Ball
1-2: Ball
2-2: Ground out 1-3 (Groundball, P)
Top of the 8th over - 0 runs, 1 hit, 0 errors, 0 left on base; San Diego 5 - Menlo 4
BOTTOM OF THE 8TH
Menlo Maniacs batting - Pitching for San Diego Smashers : LHP Alejandro Flores
Now at 1B: Steven Smith
Now at 2B: Sean Smith
Now at 3B: Daniel Moody
Batting: RHB Eleuterio Supardo 0-0: Ball
1-0: Ball
2-0: Called Strike
2-1: Foul Ball, location: 2F
2-2: Ball
3-2: Strikes out swinging
Batting: LHB Bernardo Rodríguez 0-0: Ball
1-0: Called Strike
1-1: Ball
2-1: Ball
3-1: SINGLE (Groundball, 34D)
Batting: LHB Ken Smith 0-0: Ball
1-0: Swinging Strike
1-1: SINGLE (Line Drive, 78M)
Bernardo Rodríguez to second
Pitching: RHP Andre Huff
Batting: RHB Juan Reyes 0-0: Foul Ball, location: 2F
0-1: Ball
1-1: Foul Ball, location: 2F
1-2: Ball
2-2: Strikes out swinging
Pinch Hitting: LHB David Doyle 0-0: Called Strike
0-1: Ball
1-1: Ground out 3-1 (Groundball, 34)
Bottom of the 8th over - 0 runs, 2 hits, 0 errors, 2 left on base; San Diego 5 - Menlo 4
TOP OF THE 9TH
San Diego Smashers batting - Pitching for Menlo Maniacs : RHP Jesús Martínez
Pitching: RHP Wayne Williams
Now in RF: Joe Smith
Batting: RHB Manny Torrez 0-0: Foul Ball, location: 2F
0-1: Ball
1-1: Ball
2-1: Foul Ball, location: 2F
2-2: Foul Ball, location: 2F
2-2: Ball
3-2: Fly out, F8 (Flyball, 8LS)
Batting: RHB Gerald Davis 0-0: Called Strike
0-1: Swinging Strike
0-2: Foul Ball, location: 2F
0-2: Strikes out swinging
Batting: RHB Luis Ríos 0-0: Ground out 6-3 (Groundball, 6)
Top of the 9th over - 0 runs, 0 hits, 0 errors, 0 left on base; San Diego 5 - Menlo 4
BOTTOM OF THE 9TH
Menlo Maniacs batting - Pitching for San Diego Smashers : RHP Andre Huff
Pitching: LHP Mike Stevens
Now at SS: Walt Rodgers
Batting: SHB Ryan Holcomb 0-0: Ball
1-0: Foul Ball, location: 2F
1-1: Ball
2-1: Called Strike
2-2: Ball
3-2: Foul Ball, location: 2F
3-2: Foul Ball, location: 2F
3-2: SINGLE (Groundball, 6S) (infield hit)
Batting: LHB Dave Lee 0-0: Ball
1-0: Ball
2-0: Called Strike
2-1: Called Strike
2-2: Ball
Wild Pitch!
Ryan Holcomb to second
3-2: Base on Balls
Batting: RHB Joe Noble 0-0: SINGLE (Flyball, 9S)
Ryan Holcomb to third
Dave Lee to second
Runner from 3rd tries for Home, SAFE, throw made home
Pinch Hitting: RHB Clinton Barton 0-0: Called Strike
0-1: Swinging Strike
0-2: Foul Ball, location: 2F
0-2: Ball
1-2: Foul Ball, location: 2F
1-2: Strikes out swinging
Batting: RHB Eleuterio Supardo 0-0: Ball
1-0: Called Strike
1-1: Ball
2-1: Called Strike
2-2: Ball
3-2: Fly out, F3 (Popup, 34S)
Pinch Hitting: RHB Jimmy Skinner 0-0: Ball
1-0: Ball
2-0: Reached on error, E5 (Groundball, 56S)
Dave Lee scores
Saturday, December 16th, 2017 - OOTP Baseball 18.8 Build 76